 Dungeon Crawl Stone Soup version 0.27.1-34-g3ba077fa99 (webtiles) character file.

Game seed: 16279316424878685206

63 DrunkBamboolord the Cudgeller (level 4, -9/42 HPs)
             Began as a Naga Monk on Jan 14, 2022.
             Mangled by Sigmund (10 damage)
             ... on level 2 of the Dungeon.
             The game lasted 00:02:48 (2497 turns).

DrunkBamboolord the Cudgeller (Naga Monk)           Turns: 2497, Time: 00:02:48

Health: -9/42      AC:  2    Str: 14    XL:     4   Next: 10%
Magic:  4/4        EV: 10    Int: 10    God:
Gold:   46         SH:  0    Dex: 14    Spells: 3/3 levels left

rFire    . . .     SeeInvis +   a - +0 mace
rCold    . . .     Faith    .   (no shield)
rNeg     . . .     Spirit   .   e - +0 leather armour
rPois    +         Reflect  .   (no helmet)
rElec    .         Harm     .   (no cloak)
rCorr    .         Rampage  .   (no gloves)
Will     .....                  (no barding)
Stlth    ++........             (no amulet)
HPRegen  0.14/turn              (no ring)
MPRegen  0.09/turn              (no ring)

@: lethally poisoned (-9 -> -15), very slow
A: AC +1, large, see invisible, deformed body, poison resistance, slowness 2,
spit poison 1, naga tail 1
a: Spit Poison


You were on level 2 of the Dungeon.
You visited 1 branch of the dungeon, and saw 2 of its levels.

You collected 46 gold pieces.

Inventory:

Hand Weapons
 a - a +0 mace (weapon)
Armour
 e - a +0 leather armour (worn)
Scrolls
 b - a scroll of identify
 c - a scroll of magic mapping


   Skills:
 * Level 3.5 Fighting
 * Level 3.7 Maces & Flails
 * Level 1.2 Armour
 + Level 2.7 Dodging
 - Level 3.0 Stealth


You had 3 spell levels left.
You didn't know any spells.
Your spell library contained the following spells:

 Spells                   Type           Power      Damage    Failure   Level
 Summon Small Mammal      Summ           0%         N/A       43%         1
 Call Canine Familiar     Summ           0%         N/A       80%         3
 Summon Guardian Golem    Hex/Summ       0%         N/A       80%         3


Dungeon Overview and Level Annotations

Branches:
Dungeon (2/15)

Altars:
Beogh

Annotations:
D:2 Sigmund


Innate Abilities, Weirdness & Mutations

Your serpentine skin is tough. (AC +1)
You have supernaturally acute eyesight. (SInv)
Armour fits poorly on your strangely shaped body.
Your system is resistant to poisons. (rPois)
You cover ground very slowly.
You can spit poison.
You have a snake-like lower body.


Message History

Sigmund casts a spell.
Sigmund flickers and vanishes for a moment.
As you read the scroll of identify, it crumbles to dust.
c - a scroll of magic mapping Abil: Spit Poison
Press: ? - help, Q - select action Shift-Dir - straight line, f - Sigmund
Aim: Sigmund, wielding a +1 scythe of venom and wearing a +0 robe (slightly transparent)
The splash of poison misses Sigmund.
You have got your breath back.
You hit Sigmund.
Sigmund is lightly wounded.
Sigmund hits you with a +1 scythe of venom.
You barely miss Sigmund.
Sigmund is lightly wounded.
Sigmund points at you and mumbles some strange words.
You are confused.
You closely miss Sigmund.
Sigmund is lightly wounded.
Sigmund closely misses you.
You bump into the rock wall.
Sigmund points at you and mumbles some strange words.
The puff of flame misses you.
Sigmund hits you from afar with a +1 scythe of venom!
You are poisoned.
You feel very sick.
Sigmund hits you with a +1 scythe of venom!
* * * LOW HITPOINT WARNING * * *
You aren't carrying any potions.
You are too confused!
You closely miss Sigmund.
Sigmund is lightly wounded.
* * * LOW HITPOINT WARNING * * *
You feel very sick.
Sigmund points at you and mumbles some strange words.
You resist with some effort.
You feel less confused.
* * * LOW HITPOINT WARNING * * *
You feel very sick.
Sigmund hits you from afar with a +1 scythe of venom!
You die...

####### รท......
###############
............#.. .#
###########.#.####.#
#.#.#..#.#
#.#.#..#@#
###.###.#.#.@#)#
#............#.#
#.#.###.#.#@##.#
#.#.#....#
#.#.###### #.#..
#.### #.# #.#


You could see Sigmund (invisible).

Vanquished Creatures
  An adder (D:2)
  4 dart slugs (D:1)
  7 endoplasms (D:1)
  A giant cockroach (D:1)
  3 goblins
  3 hobgoblins
  2 jackals (D:1)
  2 kobolds (D:1)
  3 quokkas
  6 ball pythons
  3 bats
  3 frilled lizards
  5 rats
43 creatures vanquished.

Notes
Turn   | Place    | Note
-------+----------+-------------------------------------------
     0 | D:1      | DrunkBamboolord the Naga Monk began the quest for the Orb.
     0 | D:1      | Reached XP level 1. HP: 21/21 MP: 1/1
   164 | D:1      | Reached XP level 2. HP: 10/28 MP: 2/2
   529 | D:1      | Reached XP level 3. HP: 13/34 MP: 3/3
   725 | D:1      | Found a faded altar of an unknown god.
  2120 | D:2      | Reached skill level 1 in Armour
  2120 | D:2      | Reached XP level 4. HP: 13/42 MP: 4/4
  2482 | D:2      | Noticed Sigmund
  2497 | D:2      | HP: 1/42 [poisoned by Sigmund]
  2497 | D:2      | Mangled by Sigmund

Illustrated notes

Levels and vault maps discovered:
D:1:      heliophobic_arrival_glass_houses, layout_basic,
          hellmonk_ecumenical_altar_defaced_shrine
D:2:      layout_basic, minmay_pentomino_o4, uniq_sigmund

Skill      XL: |  1  2  3 |
---------------+----------+-----
Armour         | 1 |  1.2
Fighting       | |  3.5
Maces & Flails | |  3.7
Dodging        | |  2.7
Stealth        | |  3.0

Action                   |  1- 3 |  4- 6 || total
-------------------------+-------+-------++-------
Melee: Mace              |   130 |    15 ||   145
 Abil: Spit Poison       |     1 |     1 ||     2
  Use: Scroll            |     1 |     1 ||     2
       Potion            |     1 |       ||     1
 Stab: Sleeping          |     4 |     1 ||     5
Armor: Robe              |    14 |       ||    14
       Leather armour    |    30 |     6 ||    36
Dodge: Dodged            |   104 |     8 ||   112
